 Dungeon Crawl Stone Soup version 0.21.1-1-g345015f (webtiles) character file.

39 Supreme the Chiller (level 3, 0/26 HPs)
             Began as a Ghoul Ice Elementalist on Apr 22, 2018.
             Slain by a gnoll
             ... wielding a +0 halberd
              (11 damage)
             ... on level 3 of the Dungeon.
             The game lasted 00:13:30 (1662 turns).

Supreme the Chiller (Ghoul Ice Elementalist)        Turns: 1662, Time: 00:13:31

Health: 0/26       AC:  7    Str: 11    XL:     3   Next: 45%
Magic:  12/14      EV: 12    Int: 11    God:
Gold:   74         SH:  0    Dex:  9    Spells: 0/6 levels left

rFire    . . .     SeeInvis .   h - +4 short sword
rCold    + . .     Gourm    .   (no shield)
rNeg     + + +     Faith    .   a - +0 robe
rPois    ∞         Spirit   .   (no helmet)
rElec    .         Reflect  .   (no cloak)
rCorr    .         Harm     .   (no gloves)
MR       .....                  (no boots)
Stlth    ++........             n - amulet of magic regeneration
HPRegen  0.00/turn              y - ring of magical power
MPRegen  0.39/turn              (no ring)

@: icy armour, very slightly contaminated, rotting, slow
A: rotting body, claws 1, carnivore, cold resistance 1, negative energy
resistance 3, inhibited regeneration, torment resistance, unbreathing
a: no special abilities


You were on level 3 of the Dungeon.
You were not hungry.

You visited 1 branch of the dungeon, and saw 3 of its levels.

You collected 74 gold pieces.

Inventory:

Hand Weapons
 e - a +0 dagger
 h - a +4 short sword (weapon)
 t - a +0 hunting sling
 w - a +0 spear
 B - a +0 flail
 C - a +0 war axe
Missiles
 o - 37 stones (quivered)
 r - 17 poisoned needles
 u - 3 needles of confusion
 x - 7 arrows
Armour
 a - a +0 robe (worn)
 p - a cursed -2 ring mail
Jewellery
 n - an amulet of magic regeneration (around neck)
 y - a ring of magical power (left claw)
 z - an uncursed amulet of faith
Scrolls
 f - a scroll of immolation {unknown}
 g - a scroll of fog {unknown}
 k - a scroll of teleportation {unknown}
 l - 2 scrolls of identify {unknown}
 v - a scroll of remove curse {unknown}
Potions
 d - a potion of curing {unknown}
 i - a potion of lignification {unknown}
 j - a potion of heal wounds {unknown}
 m - a potion of brilliance {unknown}
 q - a potion of agility {unknown}
Books
 b - a book of Frost

   Spells                             Type                      Level
   a - Freeze                         Ice                          1
   b - Throw Frost                    Conjuration/Ice              2
   c - Ozocubu's Armour               Charms/Ice                   3
   d - Throw Icicle                   Conjuration/Ice              4
   e - Summon Ice Beast               Ice/Summoning                4
Comestibles
 c - 6 rations
 A - 2 chunks of flesh


   Skills:
 + Level 2.2 Dodging
 + Level 2.3 Stealth
 + Level 2.1 Spellcasting
 + Level 0.8 Conjurations
 + Level 4.1 Ice Magic


You couldn't memorise any spells.
You knew the following spells:

 Your Spells              Type           Power        Failure   Level  Hunger
a - Freeze                Ice            ##..         5%          1    ##.....
b - Throw Frost           Conj/Ice       #.....       16%         2    ###....
c - Ozocubu's Armour      Chrm/Ice       #.......     36%         3    ####...


Dungeon Overview and Level Annotations

Branches:
Dungeon (3/15)

Altars:


Innate Abilities, Weirdness & Mutations

Your body is rotting away.
You thrive on raw meat.
You are immune to poison.
You have sharp fingernails.
You are carnivorous and can eat meat at any time.
Your flesh is cold resistant. (rC+)
You are immune to negative energy. (rN+++)
You do not regenerate when monsters are visible.
You are immune to unholy pain and torment.
You can survive without breathing.


Message History

3 gnolls and a gnoll sergeant come into view.
The gnoll shouts! x3; You hear a shout!
The gnoll sergeant shouts!
A giant cockroach comes into view.
The giant cockroach moves out of view.
Your amulet attunes itself to your body and you begin to regenerate magic more quickly.
Casting: Freeze
Confirm with . or Enter, or press ? or * to list all spells.
A film of ice covers your body!
The gnoll hits you from afar with a halberd.
Casting: Ozocubu's Armour
Confirm with . or Enter, or press ? or * to list all spells.
Aiming: Throw Frost
Press: ? - help, Shift-Dir - straight line, f - gnoll
Aim: a gnoll, wielding a whip You miscast Throw Frost.
You are very lightly contaminated with residual magic.
Nothing appears to happen.
The gnoll hits you from afar with a halberd!
The gnoll hits you from afar with a halberd!
You die...

##.##..# #..#.##
##...# ##..# #..#
#####.##
##.....###
#..###...#####
###.#...@.......
#...>.##.#.#####
.
######.g.#.######
.
###....###.#.....
. #.......g....#
. #.########g###
##. ###
#.######### #..
#gg.g..g..####.#
#......s.......s


You could see a gnoll.

Vanquished Creatures
  A dart slug (D:1)
  A leopard gecko (D:1)
  3 orcs (D:3)
  5 bats
  3 hobgoblins (D:2)
  7 kobolds
  A quokka (D:2)
  A frilled lizard (D:2)
  4 goblins
  3 rats
29 creatures vanquished.

Notes
Turn   | Place    | Note
-------+----------+-------------------------------------------
     0 | D:1      | Supreme the Ghoul Ice Elementalist began the quest for the Orb.
     0 | D:1      | Reached XP level 1. HP: 14/14 MP: 2/2
   101 | D:1      | Reached XP level 2. HP: 17/19 MP: 1/3
   105 | D:1      | Learned a level 2 spell: Throw Frost
   959 | D:2      | Reached XP level 3. HP: 14/26 MP: 1/5
  1320 | D:2      | Reached skill level 4 in Ice Magic
  1327 | D:2      | Learned a level 3 spell: Ozocubu's Armour
  1639 | D:3      | Noticed a gnoll sergeant
  1662 | D:3      | Slain by a gnoll

Skill      XL: |  1  2  3 |
---------------+----------+-----
Dodging        | 2 |  2.2
Spellcasting   | 2 |  2.1
Ice Magic      | 4 |  4.1
Stealth        | |  2.3
Conjurations   | |  0.8

Action                   || total
-------------------------++-------
Melee: Dagger            ||    15
       Short sword       ||    33
 Cast: Freeze            ||    14
       Throw Frost       ||     7
       Ozocubu's Armour  ||     1
 Stab: Sleeping          ||     1
  Eat: Chunk             ||     7
Armor: Robe              ||     8
Dodge: Dodged            ||    33
